 Dungeon Crawl Stone Soup version 0.30-a0-799-g109b55a442 (webtiles) character file.

Game seed: 7816653177242107290

219 DiggyJ the Cudgeller (level 5, -1/52 (53) HPs)
             Began as a Troll Berserker on Feb 20, 2023.
             Was a Believer of Trog.
             Slain by a goblin
             ... wielding a +0 dagger
             ... led by Robin
              (3 damage)
             ... on level 4 of the Dungeon.
             The game lasted 00:11:49 (2240 turns).

DiggyJ the Cudgeller (Troll Berserker)              Turns: 2240, Time: 00:11:49

HP:   -1/52 (53)    AC:  4    Str: 27    XL:     5   Next: 63%
MP:   4/4           EV: 10    Int: 15    God:    Trog [**....]
Gold: 121           SH:  0    Dex:  9    Spells: 4/4 levels left

rFire   . . .      SeeInvis .    a - +0 mace
rCold   . . .      Faith    .    (no shield)
rNeg    . . .      Spirit   .    b - +0 animal skin
rPois   .          Reflect  .    (helmet restricted)
rElec   .          Harm     .    (no cloak)
rCorr   .          Rampage  .    (gloves unavailable)
Will    ++...                    (boots unavailable)
Stlth   +                        (no amulet)
HPRegen 2.08/turn                c - +6 ring of intelligence
MPRegen 0.09/turn                k - +6 ring of intelligence

@: strong-willed, on berserk cooldown, regenerating, slowed, lightly drained,
very slow
A: large, unfitting armour, claws 3, regeneration 1, shaggy fur 1, tough skin 1
a: Renounce Religion, Berserk, Trog's Hand


You were on level 4 of the Dungeon.
You worshipped Trog.
Trog was pleased with you.
You visited 1 branch of the dungeon, and saw 4 of its levels.

You collected 121 gold pieces.

Inventory:

Hand Weapons
 a - a +0 mace (weapon)
 l - a +1 dagger of draining
 r - a +1 dagger of venom
 x - a +0 whip
Armour
 b - a +0 animal skin (worn)
Jewellery
 c - a +6 ring of intelligence (left claw)
 k - a +6 ring of intelligence (right claw)
Wands
 t - a wand of charming (6)
Scrolls
 e - 2 scrolls of teleportation {unknown}
 m - 3 scrolls of noise {unknown}
 n - 2 scrolls of identify {unknown}
 o - a scroll of enchant armour {unknown}
 p - a scroll of amnesia {unknown}
 v - a scroll of fear {unknown}
 w - a scroll of poison {unknown}
Potions
 d - a potion of cancellation {unknown}
 f - a potion of brilliance {unknown}
 g - a potion of degeneration {unknown}
 h - a potion of flight {unknown}
 i - 3 potions of ambrosia {unknown}
 j - 2 potions of lignification {unknown}
 q - a potion of attraction {unknown}
 s - a potion of heal wounds {unknown}
 u - a potion of curing {unknown}
 z - a potion of berserk rage {unknown}


   Skills:
 + Level 3.5 Fighting
 + Level 4.2 Maces & Flails
 + Level 3.3 Dodging
 + Level 0.4 Stealth


You had 4 spell levels left.
You didn't know any spells.
Your spell library was empty.

Dungeon Overview and Level Annotations

Branches:
Dungeon (4/15)
 Temple: D:4-7

Altars:
Hepliaklqana
Xom

Shops:
D:2 (

Annotations:
D:4 Robin


Innate Abilities, Weirdness & Mutations

You are too large for most types of armour.
You have claws for hands.
Your natural rate of healing is unusually fast.
You are covered in fur. (AC +1)
You have tough skin. (AC +1)


Message History

The hobgoblin hits you but does no damage. x2
The goblin barely misses you. The goblin completely misses you.
The goblin hits you with a +0 dagger.
* * * LOW HITPOINT WARNING * * *
The hobgoblin closely misses you.
The hobgoblin hits you but does no damage.
The goblin hits you with a +0 dagger.
* * * LOW HITPOINT WARNING * * *
You completely miss the hobgoblin.
The goblin no longer looks unusually strong.
The goblin barely misses you. The goblin closely misses you.
The goblin completely misses you.
Robin's bangles clink loudly.
Robin hits you but does no damage. The goblin misses you.
The hobgoblin hits you but does no damage.
The hobgoblin closely misses you.
The goblin hits you but does no damage. x2
The hobgoblin barely misses you. The goblin closely misses you.
The hobgoblin closely misses you. The goblin hits you but does no damage.
Your skin crawls.
You feel strong-willed. The goblin hits you but does no damage.
The goblin hits you with a +0 club.
* * * LOW HITPOINT WARNING * * *
The goblin barely misses you. The goblin hits you with a +0 dagger.
* * * LOW HITPOINT WARNING * * *
The hobgoblin closely misses you. The hobgoblin barely misses you.
You closely miss the hobgoblin. The goblin closely misses you. x2
The goblin barely misses you. Robin hits you with a +0 short sword.
* * * LOW HITPOINT WARNING * * *
The hobgoblin hits you.
* * * LOW HITPOINT WARNING * * *
The goblin completely misses you.
The hobgoblin hits you but does no damage.
The goblin barely misses you. The goblin hits you but does no damage.
The goblin misses you.
Robin roars a battlecry!
The goblin goes into a battle-frenzy!
The hobgoblin hits you.
* * * LOW HITPOINT WARNING * * *
The hobgoblin closely misses you. The goblin hits you with a +0 dagger.
You die... ## #.##### #.ggg.# #gg@go#

#.gg#.....#
#..o. $...#
#..... ....
....... #.#
......(.# .
..#.......
#..#$.......


You could see Robin, 2 orcs, 2 hobgoblins and 5 goblins.

Vanquished Creatures
  Jessica (D:2)
  Natasha (twice) (D:2)
  4 gnolls (D:2)
  5 adders
  2 dart slugs
  5 orcs (D:3)
  7 ball pythons
  3 endoplasms
  2 giant cockroaches
  4 hobgoblins
  A quokka (D:1)
  3 bats
  3 frilled lizards
  5 goblins
  7 kobolds
  4 rats
  A spectral hobgoblin (D:3)
59 creatures vanquished.

Vanquished Creatures (others)
  16 plants (D:3)
16 creatures vanquished.

Grand Total: 75 creatures vanquished

Notes
Turn   | Place    | Note
-------+----------+-------------------------------------------
     0 | D:1      | DiggyJ the Troll Berserker began the quest for the Orb.
     0 | D:1      | Reached XP level 1. HP: 22/22 MP: 0/0
   491 | D:1      | Reached XP level 2. HP: 29/29 MP: 1/1
   775 | D:2      | Found Pekerhed's Antique Weapon Emporium.
   781 | D:2      | Noticed Jessica
   785 | D:2      | Reached skill level 3 in Maces & Flails
   793 | D:2      | Killed Jessica
   794 | D:2      | Reached XP level 3. HP: 17/36 MP: 2/2
   920 | D:2      | Reached XP level 4. HP: 45/45 MP: 3/3
   969 | D:2      | Found a faded altar of an unknown god.
  1168 | D:2      | Noticed Natasha
  1180 | D:2      | Killed Natasha
  1293 | D:2      | Reached ** piety under Trog
  1380 | D:2      | Found a shimmering altar of Xom.
  1411 | D:2      | Noticed Natasha
  1421 | D:2      | Killed Natasha
  1422 | D:2      | Reached XP level 5. HP: 45/53 MP: 4/4
  1737 | D:3      | Reached skill level 4 in Maces & Flails
  1905 | D:3      | Found a hazy altar of Hepliaklqana.
  2223 | D:4      | Noticed Robin
  2240 | D:4      | HP: 2/52 [hobgoblin[Robin] (4)]
  2240 | D:4      | Slain by a goblin

Illustrated notes

Levels and vault maps discovered:
D:1:      amcnicky_arrival_feature_with_door, layout_basic, minmay_hedge_maze
D:2:      layout_loops_ring, ebering_ecumenical_altar_abandoned, serial_shops,
          shop, basic_altar, corexii_corridor_pit, skrybe_limestone_x,
          uniq_jessica, uniq_natasha
D:3:      layout_basic, nicolae_hepliaklqana_monster_ancestors, kennysheep_boxes
D:4:      layout_basic, minmay_temple_entry_ruins, uniq_robin,
          uniq_crazy_yiuf_cottage, uniq_duvessa

Skill      XL: |  1  2  3  4  5 |
---------------+----------------+-----
Maces & Flails | 3 4 |  4.2
Fighting       | 3 |  3.5
Dodging        | 3 |  3.3
Stealth        | |  0.4

Action                     |  1- 3 |  4- 6 || total
---------------------------+-------+-------++-------
  Melee: Mace              |    62 |   112 ||   174
 Invoke: Berserk           |     1 |     2 ||     3
         Trog's Hand       |       |     1 ||     1
 Armour: Animal skin       |    26 |    75 ||   101
  Dodge: Dodged            |    31 |    87 ||   118

Table legend: (Time is in decaauts)
 A = Elapsed time spent in this place.
 B = Non-inter-level travel time spent in this place.
 C = Inter-level travel time spent in this place.
 D = Time resting spent in this place.
 E = Time spent auto-exploring this place.
 F = Levels seen in this place.
 G = Mean time per level.
                   A        B        C        D        E       F      G
               +--------+--------+--------+--------+--------+-----+--------+
         Total |   2315 |   2191 |    124 |      0 |      0 |   4 |  578.8 |
       Dungeon |   2315 |   2191 |    124 |      0 |      0 |   4 |  578.8 |
               +--------+--------+--------+--------+--------+-----+--------+

Top non-repeatable levels by time:
     D:2: 850 daAuts
     D:1: 749 daAuts
     D:3: 698 daAuts
     D:4: 17 daAuts
